 Dungeon Crawl Stone Soup version 0.29-a0-289-g2178c42546 (webtiles) character file.

Game seed: 8635611624692140310

126 kae the Chopper (level 5, -9/47 HPs)
             Began as a Hill Orc Fighter on Mar 17, 2022.
             Mangled by a gnoll
             ... wielding a +0 flail
              (11 damage)
             ... on level 3 of the Dungeon.
             The game lasted 00:01:39 (2476 turns).

kae the Chopper (Hill Orc Fighter)                  Turns: 2476, Time: 00:01:39

Health: -9/47      AC:  7    Str: 21    XL:     5   Next: 10%
Magic:  5/5        EV:  9    Int:  8    God:
Gold:   110        SH:  4    Dex: 10    Spells: 4/4 levels left

rFire   . . .      SeeInvis .   a - +0 war axe
rCold   . . .      Faith    .   c - +0 buckler
rNeg    . . .      Spirit   .   b - +1 scale mail
rPois   .          Reflect  .   (no helmet)
rElec   .          Harm     .   (no cloak)
rCorr   .          Rampage  .   (no gloves)
Will    .....                   (no boots)
Stlth   ..........              (no amulet)
HPRegen 0.15/turn               (no ring)
MPRegen 0.09/turn               (no ring)

@: hasted, very quick
A: no striking features
a: no special abilities


You were on level 3 of the Dungeon.
You visited 1 branch of the dungeon, and saw 3 of its levels.

You collected 138 gold pieces.
You spent 28 gold pieces at shops.

Inventory:

Hand Weapons
 a - a +0 war axe (weapon)
Armour
 b - a +1 scale mail (worn)
 c - a +0 buckler (worn)
Scrolls
 f - a scroll of identify
Potions
 d - a potion of might
 e - 2 potions of attraction
 h - a potion of mutation {unknown}


   Skills:
 + Level 4.8 Fighting
 * Level 5.6 Axes
 - Level 3.4 Armour
 - Level 0.3 Dodging
 - Level 3.2 Shields


You had 4 spell levels left.
You didn't know any spells.
Your spell library contained the following spells:

 Spells                   Type           Power      Damage    Failure   Level
 Ignite Poison            Fire/Tmut/Pois 0%         N/A       99%         3
 Mephitic Cloud           Conj/Pois/Air  0%         N/A       99%         3
 Freezing Cloud           Conj/Ice/Air   0%         6-21      100%        5
 Iskenderun's Battlesphe  Conj           0%         2d6       100%        5
 Iron Shot                Conj/Erth      0%         9d1       100%        6
 Spellforged Servitor     Conj/Summ      0%         N/A       100%        7


Dungeon Overview and Level Annotations

Branches:
Dungeon (3/15)

Altars:

Shops:
D:1 ?

Annotations:
D:3 2 transporters, Armakuni's ghost, amateur DEWn


Message History

The gnoll shouts! x3
You slash the gnoll!
The gnoll is almost dead.
The gnoll barely misses you. x2
A hobgoblin comes into view.
A rat comes into view.
The gnoll closely misses you.
You slash the gnoll!
The gnoll is almost dead.
The gnoll hits you with a +2 vorpal flail!
The gnoll hits you from afar with a +0 spear!
There are monsters nearby!
You are too injured to fight recklessly!
You are too injured to fight recklessly!
There are monsters nearby!
You are too injured to fight recklessly!
You are too injured to fight recklessly!
There are monsters nearby!
Okay, then.
As you read the scroll labelled KEYBLA HOBBUR, it crumbles to dust.
The creatures around you are filled with an inner flame!
It was a scroll of immolation.
The gnoll closely misses you.
You barely miss the gnoll.
The gnoll is almost dead.
The gnoll closely misses you.
The gnoll hits you with a +2 vorpal flail.
You hit the gnoll but do no damage.
The gnoll is almost dead.
The gnoll hits you from afar with a +0 spear.
You closely miss the gnoll.
The gnoll is almost dead.
The gnoll barely misses you. The gnoll closely misses you.
The gnoll hits you from afar with a +0 spear!
The gnoll hits you with a +0 flail.
* * * LOW HITPOINT WARNING * * *
The gnoll hits you with a +2 vorpal flail.
* * * LOW HITPOINT WARNING * * *
x2 The gnoll attacks as you move away!
The gnoll hits you with a +0 flail!
* * * LOW HITPOINT WARNING * * *
You feel yourself speed up. The gnoll hits you with a +0 flail!
You die...

######.)###.## #.#
.. #...##..# .#####
#.#.###.#######...(
#.#.# #..........#
#.#.######..###.##
##
#.#..####..###..#
.....
#..........##..# .#
. #......##......#
#. #....g@...###..#
.# . ##...rg.####
#..##.# ..#
####......##
#...#!#....
#.(....g..##
#..©#$=.©#
#.....g....#
##..#..#...
#####g####....#
#.##.....#
#.......# #####
#.#..#.#$.
#$...g..#
#.#..#.#..
#.......#
#######.##......


You could see 4 gnolls, a hobgoblin (inner flame) and a rat (inner flame).

Vanquished Creatures
  3 gnolls (D:2)
  4 adders
  3 ball pythons
  11 endoplasms
  3 giant cockroaches
  4 goblins
  2 hobgoblins
  8 jackals
  5 kobolds
  2 quokkas
  5 bats
  3 frilled lizards (D:1)
  4 rats
57 creatures vanquished.

Notes
Turn   | Place    | Note
-------+----------+-------------------------------------------
     0 | D:1      | kae the Hill Orc Fighter began the quest for the Orb.
     0 | D:1      | Reached XP level 1. HP: 19/19 MP: 1/1
   147 | D:1      | Reached skill level 3 in Axes
   150 | D:1      | Reached XP level 2. HP: 22/27 MP: 2/2
   598 | D:1      | Reached XP level 3. HP: 33/33 MP: 3/3
   669 | D:1      | Found Tetim's Magic Scroll Boutique.
   674 | D:1      | Bought a scroll of identify for 28 gold pieces
   836 | D:1      | Found a faded altar of an unknown god.
   996 | D:2      | Reached skill level 4 in Axes
  1486 | D:2      | Reached XP level 4. HP: 41/41 MP: 4/4
  1604 | D:2      | Reached skill level 5 in Axes
  2240 | D:3      | Noticed a kobold brigand
  2363 | D:3      | Reached XP level 5. HP: 47/47 MP: 5/5
  2366 | D:3      | Found a transporter.
  2375 | D:3      | Noticed Armakuni's ghost (amateur DEWn)
  2393 | D:3      | Found a transporter.
  2473 | D:3      | HP: 1/47 [gnoll/+0 flail (7)]
  2476 | D:3      | Mangled by a gnoll

Illustrated notes

Levels and vault maps discovered:
D:1:      wander_arrival_desolate, layout_basic,
          shapermc_ecumenical_altar_mp_vishouse, serial_shops,
          nicolae_shop_hallway_plus
D:2:      layout_basic
D:3:      layout_rooms, gammafunk_ghost_stat_death, grunt_decor_mini_mirrors,
          lightli_corner_chamber

Skill      XL: |  1  2  3  4 |
---------------+-------------+-----
Axes           | 3 4 5 |  5.6
Fighting       | 4 |  4.8
Armour         | |  3.4
Dodging        | |  0.3
Shields        | |  3.2

Action                   |  1- 3 |  4- 6 || total
-------------------------+-------+-------++-------
Melee: War axe           |    95 |    59 ||   154
  Use: Scroll            |     4 |     4 ||     8
       Potion            |     2 |     1 ||     3
Armor: Scale mail        |    73 |    28 ||   101
Dodge: Dodged            |    69 |    32 ||   101
Block: Buckler           |    27 |    10 ||    37

Table legend: (Time is in decaauts)
 A = Elapsed time spent in this place.
 B = Non-inter-level travel time spent in this place.
 C = Inter-level travel time spent in this place.
 D = Time resting spent in this place.
 E = Time spent auto-exploring this place.
 F = Levels seen in this place.
 G = Mean time per level.
                   A        B        C        D        E       F      G
               +--------+--------+--------+--------+--------+-----+--------+
         Total |   2526 |   2470 |     56 |     36 |   1916 |   3 |  842.0 |
       Dungeon |   2526 |   2470 |     56 |     36 |   1916 |   3 |  842.0 |
               +--------+--------+--------+--------+--------+-----+--------+

Top non-repeatable levels by time:
     D:2: 1195 daAuts
     D:1: 989 daAuts
     D:3: 341 daAuts
